 Dungeon Crawl Stone Soup version 0.30-a0-568-g124715a40b (webtiles) character file.

Game seed: 16462034574990572215

611 Jase the Shooter (level 7, -2/54 HPs)
             Began as a Barachi Hexslinger on Dec 28, 2022.
             Slain by an ufetubus (3 damage)
             ... on level 5 of the Dungeon.
             The game lasted 00:18:40 (3237 turns).

Jase the Shooter (Barachi Hexslinger)               Turns: 3237, Time: 00:18:40

Health: -2/54      AC:  2    Str: 11    XL:     7   Next: 44%
Magic:  8/8        EV: 14    Int: 15    God:
Gold:   208        SH:  0    Dex: 25    Spells: 4/8 levels left

rFire   . . .      SeeInvis .    b - +2 mace (protect)
rCold   . . .      Faith    .    (no shield)
rNeg    . . .      Spirit   .    c - +0 robe
rPois   .          Reflect  .    (no helmet)
rElec   .          Harm     .    (no cloak)
rCorr   .          Rampage  .    (no gloves)
Will    .....                    (no boots)
Stlth   ++                       (no amulet)
HPRegen 0.29/turn                p - +6 ring of dexterity
MPRegen 0.11/turn                r - +6 ring of dexterity

@: on berserk cooldown, hasted and slowed, slow
A: amphibious, slowness 1, strong legs 1, +LOS
a: Hop


You were on level 5 of the Dungeon.
You visited 1 branch of the dungeon, and saw 5 of its levels.

You collected 208 gold pieces.

Inventory:

Hand Weapons
 a - a +1 sling
 b - a +2 mace of protection (weapon)
 v - a +0 dire flail of protection
Armour
 c - a +0 robe (worn)
Jewellery
 p - a +6 ring of dexterity (left hand)
 r - a +6 ring of dexterity (right hand)
 s - a +6 ring of intelligence
Scrolls
 e - a scroll of magic mapping {unknown}
 f - a scroll of teleportation {unknown}
 h - 3 scrolls of amnesia
 j - a scroll of noise {unknown}
 k - a scroll of blinking {unknown}
 l - 2 scrolls of poison
 n - 2 scrolls of enchant armour {unknown}
 u - 2 scrolls of vulnerability {unknown}
Potions
 d - 2 potions of curing
 g - a potion of invisibility
 i - a potion of haste
 m - a potion of degeneration {unknown}
 o - a potion of might
 q - a potion of brilliance


   Skills:
 + Level 4.1 Fighting
 * Level 5.7 Ranged Weapons
 - Level 3.0 Dodging
 - Level 1.1 Spellcasting
 + Level 5.4 Hexes


You had 4 spell levels left.
You knew the following spells:

 Your Spells              Type           Power      Damage    Failure   Level
a - Slow                  Hex            68%        N/A       2%          1
b - Portal Projectile     Hex/Tloc       16%        N/A       24%         3

Your spell library contained the following spells:

 Spells                   Type           Power      Damage    Failure   Level
 Confusing Touch          Hex            17%        N/A       8%          3
 Ensorcelled Hibernation  Hex/Ice        16%        N/A       12%         2
 Inner Flame              Hex/Fire       8%         N/A       24%         3
 Cause Fear               Hex            8%         N/A       26%         4
 Passwall                 Tmut/Erth      0%         N/A       36%         2
 Swiftness                Air            0%         N/A       58%         3
 Vampiric Draining        Necr           0%         2d6       58%         3


Dungeon Overview and Level Annotations

Branches:
Dungeon (5/15)
 Temple: D:4-7

Altars:
Gozag
Zin

Shops:
D:1 :

Annotations:
D:3 1 runed translucent door, Shayle's ghost, weakling DsRe


Innate Abilities, Weirdness & Mutations

You are amphibious.
You cover ground slowly.
You can hop short distances.
You have an extended range of vision and can be seen from far away.


Message History

* * * LOW HITPOINT WARNING * * *
The ufetubus closely misses you.
You closely miss the orc. The ufetubus closely misses you.
The ufetubus barely misses you. The orc barely misses you.
You sock the orc!
You kill the orc!
The ufetubus hits you but does no damage.
The ufetubus closely misses you. The ufetubus barely misses you.
The ufetubus hits you but does no damage.
The ufetubus hits you.
* * * LOW HITPOINT WARNING * * *
The ufetubus closely misses you.
You see here a +0 trident.
You hit the ufetubus.
The ufetubus is lightly wounded.
You are no longer berserk.
You are exhausted.
You feel yourself slow down.
The ufetubus hits you but does no damage.
The ufetubus completely misses you.
You closely miss the ufetubus.
The ufetubus is lightly wounded.
The ufetubus completely misses you. The ufetubus misses you.
The ufetubus hits you.
* * * LOW HITPOINT WARNING * * *
The ufetubus barely misses you. The ufetubus hits you.
* * * LOW HITPOINT WARNING * * *
The ufetubus hits you but does no damage.
You closely miss the ufetubus.
The ufetubus is lightly wounded.
The ufetubus completely misses you. The ufetubus closely misses you.
The ufetubus hits you.
* * * LOW HITPOINT WARNING * * *
The ufetubus barely misses you. The ufetubus closely misses you.
The ufetubus hits you.
* * * LOW HITPOINT WARNING * * *
It was a potion of haste.
You feel yourself speed up. The ufetubus hits you.
* * * LOW HITPOINT WARNING * * *
The ufetubus hits you.
You die...

.. #. #. #########
#. (.......# ##.##
### ........###
#...### ....
####.#....## #.#...#
..... ...#.#.##..#
#...#.##......
.#.#.#.###.##
#5@..........
.#.#.#.#
#..###†##.##..)...
.#...#.# #.....#.#.#
.....
.#####.....##.###..#
. ..
.......#.#####.#.###
.# .#####.#.
##.#####.####
.#...#..
#...........
.#.#.#.#
#####.##........
.#.#.#.#
#....<÷o.....#..


You could see an ufetubus.

Vanquished Creatures
  Edmund (D:5)
  An ogre (D:4)
  A howler monkey (D:5)
  3 orc priests
  3 hounds
  2 iguanas (D:5)
  Robin (D:3)
  5 adders
  A dart slug (D:4)
  11 orcs
  5 bats
  4 endoplasms
  5 giant cockroaches
  15 goblins
  7 hobgoblins
  7 kobolds
  4 quokkas
  10 ball pythons
  4 frilled lizards
  8 rats
98 creatures vanquished.

Notes
Turn   | Place    | Note
-------+----------+-------------------------------------------
     0 | D:1      | Jase the Barachi Hexslinger began the quest for the Orb.
     0 | D:1      | Reached XP level 1. HP: 15/15 MP: 2/2
    84 | D:1      | Reached XP level 2. HP: 14/21 MP: 3/3
   338 | D:1      | Found Giro's Book Emporium.
   364 | D:1      | Reached XP level 3. HP: 26/26 MP: 4/4
   846 | D:2      | Reached XP level 4. HP: 28/32 MP: 5/5
  1303 | D:3      | Found a runed translucent door.
  1306 | D:3      | Noticed Shayle's ghost (weakling DsRe)
  1492 | D:3      | Found a glowing silver altar of Zin.
  1497 | D:3      | Found an opulent altar of Gozag.
  1504 | D:3      | Noticed Robin
  1541 | D:3      | Killed Robin
  1720 | D:3      | Reached XP level 5. HP: 12/38 MP: 6/6
  2024 | D:3      | Learned a level 3 spell: Portal Projectile
  2464 | D:4      | Noticed an ogre
  2520 | D:4      | Killed an ogre
  2521 | D:4      | Reached XP level 6. HP: 47/47 MP: 3/7
  2753 | D:5      | Entered Level 5 of the Dungeon
  2895 | D:5      | Noticed Edmund
  2947 | D:5      | Reached skill level 5 in Ranged Weapons
  2947 | D:5      | Reached skill level 5 in Hexes
  3091 | D:5      | Killed Edmund
  3092 | D:5      | Reached XP level 7. HP: 54/54 MP: 8/8
  3236 | D:5      | HP: 1/54 [ufetubus (2)]
  3237 | D:5      | Slain by an ufetubus

Illustrated notes

Levels and vault maps discovered:
D:1:      minmay_arrival_semitransparent, layout_rooms, serial_shops,
          nicolae_shop_behind_doors, serial_bayou_pond_a
D:2:      layout_rooms, minmay_fractal_squares_gapless_5
D:3:      layout_rooms, grunt_temple_overflow_gold_and_silver,
          ebering_ghost_inner_flame, minmay_misc_feat_chi,
          nicolae_figureground_pulse, uniq_robin
D:4:      layout_rooms
D:5:      layout_loops_cross, tgw_sif, makhleb_altar_promises_db,
          mainiacjoe_overflow_catwalk, minmay_temple_entry_offerings,
          roderic_lattice_a, minmay_fountain_box, roderic_batcave,
          kennysheep_small_circle, uniq_edmund, uniq_menkaure

Skill      XL: |  1  2  3  4  5  6 |
---------------+-------------------+-----
Ranged Weapons | 3 4 5 |  5.7
Dodging        | 3 |  3.0
Hexes          | 4 5 |  5.4
Fighting       | 2 3 4 |  4.1
Spellcasting   | |  1.1

Action                   |  1- 3 |  4- 6 |  7- 9 || total
-------------------------+-------+-------+-------++-------
Melee: Dagger            |     6 |     1 |       ||     7
       Mace              |       |    12 |    14 ||    26
 Fire: Sling             |   122 |   232 |    11 ||   365
 Cast: Slow              |     1 |     6 |       ||     7
       Portal Projectile |       |     1 |       ||     1
 Abil: Hop               |     4 |     6 |       ||    10
  Use: Scroll            |       |     6 |       ||     6
       Potion            |       |       |     2 ||     2
 Stab: Sleeping          |     1 |       |       ||     1
Armor: Robe              |    14 |    17 |    10 ||    41
Dodge: Dodged            |    33 |    80 |    30 ||   143

Table legend: (Time is in decaauts)
 A = Elapsed time spent in this place.
 B = Non-inter-level travel time spent in this place.
 C = Inter-level travel time spent in this place.
 D = Time resting spent in this place.
 E = Time spent auto-exploring this place.
 F = Levels seen in this place.
 G = Mean time per level.
                   A        B        C        D        E       F      G
               +--------+--------+--------+--------+--------+-----+--------+
         Total |   3739 |   3592 |    147 |    550 |   2078 |   5 |  747.8 |
       Dungeon |   3739 |   3592 |    147 |    550 |   2078 |   5 |  747.8 |
               +--------+--------+--------+--------+--------+-----+--------+

Top non-repeatable levels by time:
     D:3: 1141 daAuts
     D:2: 791 daAuts
     D:4: 759 daAuts
     D:1: 588 daAuts
     D:5: 457 daAuts
